 Dungeon Crawl Stone Soup version 0.22-a0-284-g99d1f74 (webtiles) character file.

7755 Hook the Martial Artist (level 11, -8/83 HPs)
             Began as a Demonspawn Transmuter on Mar 18, 2018.
             Mangled by a vampire (14 damage)
             ... on level 9 of the Dungeon on Mar 21, 2018.
             The game lasted 00:36:53 (15140 turns).

Hook the Martial Artist (Demonspawn Transmuter)    Turns: 15140, Time: 00:36:54

Health: -8/83      AC:  2    Str: 14    XL:     11   Next: 0%
Magic:  15/15      EV: 25    Int: 14    God:
Gold:   256        SH:  0    Dex: 21    Spells: 10/16 levels left

rFire    . . .     SeeInvis .     - Unarmed
rCold    . . .     Gourm    .   (shield currently unavailable)
rNeg     . . .     Faith    .   (armour currently unavailable)
rPois    .         Spirit   .   (helmet currently unavailable)
rElec    .         Reflect  .   (cloak currently unavailable)
rCorr    .         Harm     .   (gloves currently unavailable)
MR       .....                  (boots currently unavailable)
Stlth    ++........             (no amulet)
HPRegen  0.23/turn              c - ring of poison resistance
MPRegen  0.14/turn              (no ring)

@: spider-form
A: tiny, thin skeletal structure 1, foul stench 2, powered by pain 2, rot
immunity
a: End Transformation


You were on level 9 of the Dungeon.
You were not hungry.
You were a venomous arachnid creature.
You visited 1 branch of the dungeon, and saw 10 of its levels.

You collected 646 gold pieces.
You spent 390 gold pieces at shops.

Inventory:

Missiles
 a - 149 arrows
 o - 125 stones (quivered)
 p - 7 javelins
 v - 13 tomahawks
Armour
 b - a +2 robe
 A - a +3 ring mail of cold resistance (melded)
Jewellery
 c - a ring of poison resistance (left front leg)
 i - an uncursed amulet of the gourmand
Wands
 g - a wand of polymorph (17)
 r - a wand of flame (45)
 s - a wand of random effects (31)
 w - a wand of disintegration (7)
Scrolls
 f - 3 scrolls of teleportation
 h - 4 scrolls of identify
 j - 5 scrolls of remove curse
 l - a scroll of immolation {unknown}
 m - a scroll of blinking
 n - 3 scrolls of magic mapping
 x - a scroll of acquirement {unknown}
 y - a scroll of enchant armour
 z - a scroll of fear {unknown}
Potions
 e - a potion of agility
 k - 2 potions of flight
 q - a potion of lignification
 t - 2 potions of heal wounds {unknown}
 u - a potion of haste {unknown}
 B - a potion of magic {unknown}
 D - a potion of curing
Comestibles
 d - 13 rations
 C - a chunk of flesh


   Skills:
 + Level 6.8 Fighting
 + Level 0.4 Armour
 + Level 5.7 Dodging
 - Level 10.6 Unarmed Combat
 * Level 3.3 Spellcasting
 * Level 2.5 Transmutations
 + Level 8.0 Poison Magic


You had 10 spell levels left.
You knew the following spells:

 Your Spells              Type           Power        Failure   Level  Hunger
a - Beastly Appendage     Tmut           #.....       21%         1    #......
b - Spider Form           Tmut/Pois      ###.......   19%         3    ###....
c - Sticks to Snakes      Tmut           #.......     26%         2    ##.....


Dungeon Overview and Level Annotations

Branches:
Dungeon (10/15)              Lair (0/6) D:8             Orc (0/2) D:9
 Temple: D:4-7

Altars:
Ashenzari
Gozag
Hepliaklqana
Nemelex Xobeh
Qazlal
Ru
Sif Muna
Trog
Yredelemnul

Shops:
D:9 [=(

Annotations:
D:4 TheNamelessOne's ghost, novice DsCj
D:10 Maurice


Innate Abilities, Weirdness & Mutations

((You have very sharp fingernails.))
You have a somewhat thin skeletal structure. (Dex +2, Stealth)
You frequently emit foul miasma when damaged in melee.
You sometimes gain power by taking damage.
You are immune to rotting.


Message History

Something draws strength from your injuries!
You hit something. Something hits your ball python!
Your ball python dies!
You feel better. Something barely misses you. Something bites you.
* * * LOW HITPOINT WARNING * * *
Something draws strength from your injuries!
You hear some strange, mumbled words.
You are confused.
You bump into the rock wall.
You bump into the rock wall.
You bump into the rock wall.
Something closely misses you. Something misses you.
You bump into the rock wall.
Something hits you!
* * * LOW HITPOINT WARNING * * *
Something completely misses you.
You bump into the rock wall.
You feel less confused. Something hits you!
You die...

....+............................
....#............................
....#.#+##'##''#.###########.....
....#.#........#.#.........#.....
....#.#........#.#.........#.....
....#.#........#.#.........#..###
....#.#........#.#.........#..#
....'.###......#.#.........#..##
#####...#.....<#s#.........#...#
........#......#{#.........#...#
........########.'.........#...#
.................#.........#...##
.................###########.....
.##'####.........................
.#.<...'.........................
.#.....#....#############'#####..
.#.....#....#.................#..


There were no monsters in sight!

Vanquished Creatures
  Erolcha (D:9)
  Erica (D:10)
  A komodo dragon (D:8)
  Grinder (D:4)
  A hippogriff (D:8)
  10 spriggans
  A steam dragon (D:7)
  Edmund (D:6)
  A water moccasin (D:7)
  5 orc warriors
  2 ice beasts
  3 sky beasts
  A necrophage (D:8)
  2 phantoms
  7 ogres
  4 centaurs
  A big kobold (D:10)
  3 bullfrogs
  Blork the orc (D:3)
  5 howler monkeys
  A crimson imp (D:8)
  A bullfrog zombie (D:7)
  6 hounds
  6 orc wizards
  7 orc priests
  A bullfrog skeleton (D:5)
  Terence (D:2)
  3 iguanas
  8 worker ants
  A killer bee zombie (D:8)
  A hound zombie (D:7)
  A hound skeleton (D:4)
  A worker ant zombie (D:7)
  13 adders
  2 shadow imps (D:8)
  2 adder skeletons
  4 worms
  2 dart slugs
  6 leopard geckos
  30 orcs
  3 giant cockroaches
  5 goblins
  3 hobgoblins
  17 jackals
  2 quokkas
  7 bats
  6 frilled lizards
  11 kobolds
  3 rats
206 creatures vanquished.

Vanquished Creatures (collateral kills)
  A troll (D:9)
  A howler monkey (D:7)
  An orc priest (D:6)
  A howler monkey skeleton (D:6)
  An orc (D:6)
5 creatures vanquished.

Vanquished Creatures (others)
  A plant (D:8)
1 creature vanquished.

Grand Total: 212 creatures vanquished

Notes
Turn   | Place    | Note
-------+----------+-------------------------------------------
     0 | D:1      | Hook the Demonspawn Transmuter began the quest for the Orb.
     0 | D:1      | Reached XP level 1. HP: 15/15 MP: 3/3
     0 | D:1      | Upgraded the game from 0.22-a0-283-g1871b15 to 0.22-a0-284-g99d1f74
   512 | D:1      | Reached skill level 3 in Unarmed Combat
   592 | D:1      | Gained mutation: You are immune to rotting. [demonic ancestry]
   592 | D:1      | Reached XP level 2. HP: 13/21 MP: 3/5
  1296 | D:2      | Gained mutation: You sometimes gain a little power by taking damage. [demonic ancestry]
  1296 | D:2      | Reached XP level 3. HP: 15/27 MP: 6/6
  1742 | D:2      | Learned a level 3 spell: Spider Form
  1756 | D:2      | Learned a level 2 spell: Sticks to Snakes
  1803 | D:2      | Found a sparkling altar of Nemelex Xobeh.
  1804 | D:2      | Found an opulent altar of Gozag.
  1804 | D:2      | Found a stormy altar of Qazlal.
  1812 | D:2      | Found a deep blue altar of Sif Muna.
  1815 | D:2      | Found a basalt altar of Yredelemnul.
  1995 | D:2      | Noticed Terence
  2018 | D:2      | Killed Terence
  2018 | D:2      | Gained mutation: You have sharp fingernails. [demonic ancestry]
  2018 | D:2      | Reached XP level 4. HP: 22/33 MP: 1/7
  2388 | D:3      | Reached skill level 4 in Unarmed Combat
  2703 | D:3      | Reached XP level 5. HP: 39/39 MP: 6/8
  2806 | D:3      | Reached skill level 1 in Poison Magic
  3619 | D:4      | Noticed Blork the orc
  3632 | D:3      | Killed Blork the orc
  3632 | D:3      | Gained mutation: You may emit foul miasma when damaged in melee. [demonic ancestry]
  3632 | D:3      | Reached XP level 6. HP: 10/46 MP: 9/9
  3898 | D:4      | Noticed Grinder
  3942 | D:4      | Reached skill level 5 in Unarmed Combat
  4196 | D:4      | Killed Grinder
  4196 | D:4      | Reached XP level 7. HP: 52/52 MP: 2/10
  4637 | D:4      | Noticed TheNamelessOne's ghost (novice DsCj)
  4684 | D:5      | Entered Level 5 of the Dungeon
  5305 | D:5      | Reached skill level 6 in Unarmed Combat
  6224 | D:6      | Gained mutation: You have a somewhat thin skeletal structure. (Dex +2, Stealth) [demonic ancestry]
  6224 | D:6      | Reached XP level 8. HP: 58/60 MP: 3/11
  6443 | D:6      | Noticed Edmund
  6461 | D:6      | Killed Edmund
  6461 | D:6      | Reached skill level 7 in Unarmed Combat
  8528 | D:7      | Reached skill level 5 in Poison Magic
  8746 | D:7      | Gained mutation: You frequently emit foul miasma when damaged in melee. [demonic ancestry]
  8746 | D:7      | Reached XP level 9. HP: 41/67 MP: 12/12
  8990 | D:7      | Reached skill level 5 in Fighting
  8990 | D:7      | Reached skill level 8 in Unarmed Combat
 10420 | D:8      | Reached skill level 9 in Unarmed Combat
 10460 | D:8      | Reached skill level 5 in Dodging
 10985 | D:8      | Noticed an efreet
 11001 | D:8      | Gained mutation: You sometimes gain power by taking damage. [demonic ancestry]
 11001 | D:8      | Reached XP level 10. HP: 59/76 MP: 10/13
 11488 | D:8      | Found a staircase to the Lair.
 11936 | D:8      | Found a sacrificial altar of Ru.
 11942 | D:8      | Found a hazy altar of Hepliaklqana.
 11950 | D:8      | Found a bloodstained altar of Trog.
 12626 | D:8      | Reached skill level 10 in Unarmed Combat
 13038 | D:9      | Noticed Erolcha
 13057 | D:9      | Killed Erolcha
 13437 | D:9      | Found Acimimul's Armour Shop.
 13447 | D:9      | Found a staircase to the Orcish Mines.
 13689 | D:9      | Found Seczuuc's Weapon Shop.
 13697 | D:9      | Found Etoi's Jewellery Emporium.
 13875 | D:9      | Found a shattered altar of Ashenzari.
 13889 | D:9      | Bought a +3 ring mail of cold resistance for 390 gold pieces
 14483 | D:10     | Entered Level 10 of the Dungeon
 14514 | D:10     | Noticed Maurice
 14784 | D:10     | Noticed Erica
 14795 | D:10     | Killed Erica
 14914 | D:10     | Gained mutation: You have very sharp fingernails. [demonic ancestry]
 14914 | D:10     | Reached XP level 11. HP: 81/83 MP: 11/15
 15140 | D:9      | Mangled by a vampire

Vault maps used:
D:1:      eino_arrival_tree_alley, serial_glass, glass_columns_c,
          glass_columns_b, grunt_decor_cap, minmay_misc_feat_secret_circle,
          serial_bayou_pond_e
D:2:      minmay_overflow_temple_star_hex, uniq_terence
D:4:      gammafunk_temple_overflow_wave, minmay_temple_entry_poolview,
          first_ration, roderic_lattice_a, minmay_curled_crystal, uniq_grinder,
          uniq_blork_the_orc
D:5:      guppyfry_early_lair_pool
D:6:      solitary_fountain, uniq_edmund
D:7:      the_bakery
D:8:      kb_forest_paths, minitemple, david_lair_shrubbed
D:9:      orc_david_3, serial_shops, shop, ashenzari_altar_1, uniq_erolcha
D:10:     uniq_maurice, uniq_erica

Skill      XL: |  1  2  3  4  5  6  7  8  9 10 |
---------------+-------------------------------+-----
Unarmed Combat | 3 4 5 6 7 9 10 | 10.6
Dodging        | 2 3 4 5 |  5.7
Fighting       | 2 3 4 6 |  6.8
Poison Magic   | 1 2 3 5 6 8 |  8.0
Spellcasting   | 3 |  3.3
Transmutations | 2 |  2.5
Armour         | |  0.4

Action                   |  1- 3 |  4- 6 |  7- 9 | 10-12 || total
-------------------------+-------+-------+-------+-------++-------
Melee: Unarmed           |   115 |   124 |   360 |   204 ||   803
       Kick              |     4 |    12 |    10 |    10 ||    36
       Headbutt          |     6 |     8 |     4 |     2 ||    20
       Punch             |     1 |     3 |     2 |     8 ||    14
Throw: Stone             |       |     1 |       |       ||     1
 Cast: Beastly Appendage |    19 |    19 |    16 |    14 ||    68
       Spider Form       |     2 |     7 |    40 |    28 ||    77
       Sticks to Snakes  |       |     3 |    12 |    17 ||    32
  Use: Scroll            |       |       |    12 |     1 ||    13
       Potion            |       |       |     1 |     4 ||     5
 Stab: Sleeping          |       |       |     4 |     3 ||     7
  Eat: Chunk             |     4 |     4 |    15 |     1 ||    24
       Ration            |       |     2 |     5 |     5 ||    12
Armor: Robe              |    37 |     9 |    29 |     2 ||    77
       Skin              |       |       |    12 |     4 ||    16
       Ring mail         |       |       |       |    12 ||    12
Dodge: Dodged            |    79 |    79 |   291 |   148 ||   597

Table legend:
 A = Spawn XP
 B = Non-spawn XP
 C = Spawn XP percentage of total XP
 D = Spawn monster count
 E = Non-spawn monster count
 F = Spawn count percentage of total count
 G = Total turns spent on level
                    A         B        C        D         E        F      G
               +---------+---------+-------+---------+---------+-------+---------
         Total |       0 |   11079 |   0.0 |       0 |     211 |   0.0 | 15140
               +---------+---------+-------+---------+---------+-------+---------
           D:1 |       0 |      14 |   0.0 |       0 |       9 |   0.0 |   933
           D:2 |       0 |     101 |   0.0 |       0 |      20 |   0.0 |  1402
           D:3 |       0 |     288 |   0.0 |       0 |      29 |   0.0 |  1564
           D:4 |       0 |     386 |   0.0 |       0 |       6 |   0.0 |   785
           D:5 |       0 |     587 |   0.0 |       0 |      14 |   0.0 |  1809
           D:6 |       0 |     951 |   0.0 |       0 |      30 |   0.0 |  1299
           D:7 |       0 |    1579 |   0.0 |       0 |      24 |   0.0 |  2248
           D:8 |       0 |    3785 |   0.0 |       0 |      41 |   0.0 |  2906
           D:9 |       0 |    1971 |   0.0 |       0 |      26 |   0.0 |  1782
          D:10 |       0 |    1417 |   0.0 |       0 |      12 |   0.0 |   412
               +---------+---------+-------+---------+---------+-------+---------
